 Dungeon Crawl Stone Soup version 0.22-b1-26-g9dbaab1 (webtiles) character file.

86 Lilu the Changer (level 4, 0/28 HPs)
             Began as an Octopode Transmuter on Aug 8, 2018.
             Succumbed to an adder's poison
             ... on level 2 of the Dungeon.
             The game lasted 00:07:02 (2007 turns).

Lilu the Changer (Octopode Transmuter)              Turns: 2007, Time: 00:07:03

Health: 0/28       AC:  1    Str: 15    XL:     4   Next: 49%
Magic:  7/7        EV: 19    Int: 15    God:
Gold:   89         SH:  0    Dex: 17    Spells: 4/7 levels left

rFire    . . .     SeeInvis .   h - +0 dagger (speed)
rCold    . . .     Gourm    .   (no shield)
rNeg     . . .     Faith    .   (helmet restricted)
rPois    .         Spirit   .   (no amulet)
rElec    .         Reflect  .   (no ring)
rCorr    .         Harm     .   (no ring)
MR       .....                  (no ring)
Stlth    ++++......             (no ring)
HPRegen  0.09/turn              (no ring)
MPRegen  0.10/turn              (no ring)
                                (no ring)
                                (no ring)

@: mighty, agile, lethally poisoned (0 -> -3)
A: almost no armour, stealthy swim, amphibious, 8 rings, constrict 8, camouflage
1, gelatinous body 1
a: no special abilities


You were on level 2 of the Dungeon.
You were not hungry.

You visited 1 branch of the dungeon, and saw 2 of its levels.

You collected 89 gold pieces.

Inventory:

Hand Weapons
 h - a +0 dagger of speed (weapon)
Missiles
 a - 37 arrows
 i - 53 stones (quivered)
Scrolls
 d - a scroll of identify {unknown}
 f - a scroll of remove curse {unknown}
 j - a scroll of teleportation {unknown}
Comestibles
 c - 3 rations
 g - 2 chunks of flesh


   Skills:
 - Level 1.0 Fighting
 - Level 2.0 Dodging
 - Level 3.0 Unarmed Combat
 - Level 2.0 Spellcasting
 + Level 4.6 Transmutations


You had 4 spell levels left.
You knew the following spells:

 Your Spells              Type           Power        Failure   Level  Hunger
a - Beastly Appendage     Tmut           ###...       3%          1    #......
b - Sticks to Snakes      Tmut           ###.....     4%          2    ###....

Your spell library contained the following spells:

 Spells                   Type           Power        Failure   Level  Hunger
 Spider Form              Tmut/Pois      #.........   26%         3    ###....
 Blade Hands              Tmut           ###.......   67%         5    ######.
 Ice Form                 Ice/Tmut       #.......     65%         4    #####..


Dungeon Overview and Level Annotations

Branches:
Dungeon (2/15)

Altars:
Makhleb

Annotations:
D:2 Robin


Innate Abilities, Weirdness & Mutations

You cannot wear most types of armour.
You are very stealthy in the water. (Stealth+)
You are amphibious.
You can wear up to eight rings at the same time.
You can use your tentacles to constrict eight enemies at once.
Your skin changes colour to match your surroundings (Stealth+).
Your rubbery body absorbs attacks. (AC +1, EV +1)


Message History

You hear a shout!
The goblin hits you. The hobgoblin hits you with a club. The goblin misses you.
You hear a shout!
You hit the goblin.
You kill the goblin!
The goblin hits you with a dagger.
You feel sick. The hobgoblin hits you with a club.
* * * LOW HITPOINT WARNING * * *
The goblin barely misses you.
Robin roars a battlecry!
The goblins go into a battle-frenzy!
You feel sick. The hobgoblin hits you with a club.
* * * LOW HITPOINT WARNING * * *
It was a potion of might.
You feel very mighty all of a sudden. The hobgoblin hits you with a club.
* * * LOW HITPOINT WARNING * * *
It was a potion of agility.
You feel agile all of a sudden.
You die...

#.....#.# #.##.####.####.#
#..)..#.# #....# #.# .#
#######.....#.######.# ##.## .#
............#..).....###...###.#
#######....########......_......
#...................###...###..
#.#########...#.###.# ##.##
##......# #.# #.# ##..###@.# #.#
#.# ##)..# #g## #.. ...
.#####..##.##S# ### #..
........# #.gg# ###
.###..##.##.g## ..... #...##
..#### #.†g# . #...#†# #..##.#


You could see Robin, an adder, 2 hobgoblins and 2 goblins.

Vanquished Creatures
  2 adders (D:2)
  A shadow imp (D:2)
  2 dart slugs
  A leopard gecko (D:1)
  A ball python (D:2)
  7 bats
  3 giant cockroaches (D:2)
  5 goblins
  10 hobgoblins
  3 kobolds (D:2)
  A quokka (D:2)
  2 frilled lizards (D:1)
  8 rats
46 creatures vanquished.

Vanquished Creatures (collateral kills)
  An adder (D:2)
1 creature vanquished.

Grand Total: 47 creatures vanquished

Notes
Turn   | Place    | Note
-------+----------+-------------------------------------------
     0 | D:1      | Lilu the Octopode Transmuter began the quest for the Orb.
     0 | D:1      | Reached XP level 1. HP: 13/13 MP: 3/3
   119 | D:1      | Reached XP level 2. HP: 2/18 MP: 5/5
   538 | D:1      | Reached skill level 3 in Transmutations
   755 | D:1      | Learned a level 2 spell: Sticks to Snakes
  1155 | D:1      | Reached XP level 3. HP: 22/23 MP: 6/6
  1867 | D:2      | Found a burning altar of Makhleb.
  1900 | D:2      | Reached skill level 4 in Transmutations
  1906 | D:2      | Reached XP level 4. HP: 25/28 MP: 7/7
  1996 | D:2      | Noticed Robin
  2006 | D:2      | HP: 1/28 [hobgoblin/club[Robin] (2)]
  2007 | D:2      | Succumbed to an adder's poison

Skill      XL: |  1  2  3 |
---------------+----------+-----
Transmutations | 3 4 |  4.6
Fighting       | |  1.0
Dodging        | |  2.0
Unarmed Combat | |  3.0
Spellcasting   | |  2.0

Action                   |  1- 3 |  4- 6 || total
-------------------------+-------+-------++-------
Melee: Unarmed           |    19 |       ||    19
       Constrict         |    23 |     9 ||    32
       Tentacles         |    13 |     6 ||    19
       Kick              |     4 |       ||     4
       Dagger            |    66 |    25 ||    91
       Club              |    12 |       ||    12
       Punch             |     1 |       ||     1
 Cast: Beastly Appendage |     8 |       ||     8
       Sticks to Snakes  |     2 |       ||     2
  Use: Potion            |       |     2 ||     2
 Stab: Sleeping          |     7 |       ||     7
  Eat: Chunk             |     3 |     1 ||     4
Armor: Skin              |     6 |     2 ||     8
Dodge: Dodged            |    57 |    19 ||    76
